 Dungeon Crawl Stone Soup version 0.30-a0-830-gfe289a77b0 (webtiles) character file.

Game seed: 17028487044086569581

47 ytrimaz the Trooper (level 3, -23/40 HPs)
             Began as an Ogre Berserker on Feb 28, 2023.
             Was a Follower of Trog.
             Engulfed by a cloud of flame (35 damage)
             ... on level 2 of the Dungeon.
             The game lasted 00:01:22 (1039 turns).

ytrimaz the Trooper (Ogre Berserker)                Turns: 1039, Time: 00:01:23

Health: -23/40     AC:  4    Str: 23    XL:     3   Next: 70%
Magic:  3/3        EV: 10    Int:  8    God:    Trog [*.....]
Gold:   98         SH:  0    Dex:  8    Spells: 2/2 levels left

rFire   . . .      SeeInvis .    a - +0 mace
rCold   . . .      Faith    .    (no shield)
rNeg    . . .      Spirit   .    b - +0 animal skin
rPois   .          Reflect  .    (helmet restricted)
rElec   .          Harm     .    l - +0 cloak
rCorr   .          Rampage  .    (gloves unavailable)
Will    .....                    (boots unavailable)
Stlth   +                        (no amulet)
HPRegen 0.26/turn                (no ring)
MPRegen 0.08/turn                (no ring)

@: no status effects
A: large, unfitting armour, tough skin 1
a: Renounce Religion, Berserk


You were on level 2 of the Dungeon.
You worshipped Trog.
Trog was aware of your devotion.
You visited 1 branch of the dungeon, and saw 2 of its levels.

You collected 98 gold pieces.


Innate Abilities, Weirdness & Mutations

You are too large for most types of armour.
You have tough skin. (AC +1)


   Skills:
 + Level 4.7 Fighting
 * Level 3.7 Maces & Flails
 - Level 2.6 Dodging


You had 2 spell levels left.
You didn't know any spells.
Your spell library was empty.

Inventory:

Hand Weapons
 a - a +0 mace (weapon)
Armour
 b - a +0 animal skin (worn)
 l - a +0 cloak (worn)
   (You found it on level 2 of the Dungeon)
Scrolls
 e - 2 scrolls of poison
 f - a scroll of silence
 k - 2 scrolls of enchant weapon
Potions
 g - 2 potions of lignification {unknown}
 h - 2 potions of curing {unknown}
 i - 2 potions of heal wounds {unknown}
 j - a potion of brilliance {unknown}
 m - a potion of berserk rage {unknown}

Dungeon Overview and Level Annotations

Branches:
Dungeon (2/15) Zot: 10943

Altars:

#########
#.####........
#.............
##.#######.######
#..ยงยง@.....# ##
#..ยง######.# ..
#.. #..# ##
##..### #>....###
#####...### ###
#..........###..
#...............
#............#..


There were no monsters in sight!


Message History

You take 1 damage, and now have 39/40 hp.
No target in view! ๐Ÿ˜Ž HP[+1]
Your hp is fully restored (40).
No target in view!
A rat comes into view.
A rat is nearby!
The rat bites you but does no damage.
You hit the rat.
You kill the rat!
Trog accepts your kill.
No target in view!
You see here a rat corpse.
No target in view!
Key pressed, stopping explore.
There is an escape hatch in the floor here.
You open the door.
There is an open door here.
Found a stone staircase leading down.
There is a stone staircase leading down here.
There is a stone staircase leading down here.
You open the door.
There is an open door here.
You open the door.
A giant cockroach comes into view.
A giant cockroach is nearby!
A giant cockroach is nearby!
There is an open door here.
The giant cockroach barely misses you.
You hit the giant cockroach. You punch the giant cockroach.
You kill the giant cockroach!
Trog accepts your kill.
You see here a giant cockroach corpse.
No target in view!
Unknown command.
You open the door.
There is an open door here.
You now have 98 gold pieces (gained 13).
A ball python comes into view.
You see here a fizzy ruby potion.
A ball python is nearby!
The ball python barely misses you. The ball python bites you. ๐Ÿ˜• HP[-3]
You take 3 damage, and now have 37/40 hp.
You closely miss the ball python. The ball python bites you.
The ball python closely misses you. ๐Ÿ˜• HP[-2]
You take 2 damage, and now have 35/40 hp.
You hit the ball python. The ball python bites you. ๐Ÿ˜• HP[-2]
You take 2 damage, and now have 33/40 hp.
You thump the ball python!
You kill the ball python!
Trog accepts your kill. ๐Ÿ˜• HP[+1]
You see here a +0 cloak.
l - a +0 cloak You start putting on your armour.
You continue putting on your +0 cloak. x4
You finish putting on your +0 cloak. ๐Ÿ˜• HP[+1] ๐Ÿ˜• HP[+1]
h - 2 fizzy ruby potions (gained 1)
k - 2 scrolls labelled CEN ROELATO (gained 1)
Found a stone staircase leading down. ๐Ÿ˜Ž HP[+4]
Your hp is fully restored (40).
m - a sedimented cyan potion
As you read the scroll labelled EHESTAJABB, it crumbles to dust.
It is a scroll of identify.
e - 2 scrolls of poison
As you read the scroll of identify, it crumbles to dust.
f - a scroll of silence
As you read the scroll of identify, it crumbles to dust.
k - 2 scrolls of enchant weapon A rat comes into view.
A rat is nearby!
A rat is nearby!
The rat twitches its whiskers.
Okay, then.
As you read the scroll labelled EHUMUN PUACEL, it crumbles to dust.
The creatures around you are filled with an inner flame!
It was a scroll of immolation.
Unknown command.
You barely miss the rat. The rat barely misses you.
You closely miss the rat. The rat bites you. ๐Ÿ˜• HP[-2]
You take 2 damage, and now have 38/40 hp.
You hit the rat but do no damage. The rat bites you. ๐Ÿ˜• HP[-2]
You take 2 damage, and now have 36/40 hp.
You hit the rat. Trog accepts your kill.
The rat explodes!
The fiery explosion engulfs you!!
Ouch! That really hurt!
* * * LOW HITPOINT WARNING * * *
You are engulfed in blazing flames.
Ouch! That really hurt!
You die...

Skill      XL: |  1 |
---------------+----+-----
Maces & Flails | 3 |  3.7
Fighting       | |  4.7
Dodging        | |  2.6

Action                     || total
---------------------------++-------
  Melee: Mace              ||    73
         Punch             ||     1
    Use: Scroll            ||     4
 Armour: Animal skin       ||    27
  Dodge: Dodged            ||    49

Levels and vault maps discovered:
D:1:      psy_arrival_basics, layout_basic
D:2:      layout_basic

Notes
Turn   | Place    | Note
-------+----------+-------------------------------------------
     0 | D:1      | ytrimaz the Ogre Berserker began the quest for the Orb.
     0 | D:1      | Reached XP level 1. HP: 24/24 MP: 1/1
     0 | D:1      | magus.rc [v1.9.6]
   123 | D:1      | Reached skill level 3 in Maces & Flails
   123 | D:1      | Reached XP level 2. HP: 32/32 MP: 2/2
   495 | D:2      | Reached XP level 3. HP: 23/40 MP: 3/3
  1039 | D:2      | Engulfed by a cloud of flame

Vanquished Creatures
  2 adders (D:2)
  A dart slug (D:1)
  7 ball pythons
  An endoplasm (D:1)
  2 giant cockroaches (D:2)
  2 goblins
  2 hobgoblins
  2 kobolds (D:2)
  4 bats (D:1)
  A frilled lizard (D:1)
  4 rats
28 creatures vanquished.

Table legend:
 A = Non-vault XP
 B = Vault XP
 C = Vault XP percentage of total XP
 D = Non-vault monster count
 E = Vault monster count
 F = Vault count percentage of total count
                 A         B        C        D         E       F
            +---------+---------+-------+---------+---------+-------
      Total |      69 |       0 |   0.0 |      28 |       0 |   0.0
            +---------+---------+-------+---------+---------+-------
        D:1 |      23 |       0 |   0.0 |      12 |       0 |   0.0
        D:2 |      46 |       0 |   0.0 |      16 |       0 |   0.0
            +---------+---------+-------+---------+---------+-------

Illustrated notes

Table legend:
 A = Kills in this place as a percentage of kills in the entire game.
 B = Kills by you in this place as a percentage of kills by you in the entire game.
 C = Kills by friends in this place as a percentage of kills by friends in the entire game.
 D = Other kills in this place as a percentage of other kills in the entire game.
 E = Experience gained in this place as a percentage of experience gained in the entire game.
 F = Experience gained in this place divided by the number of levels of this place that you have seen.
                   A       B       C       D       E      F
               +-------+-------+-------+-------+-------+----------------------
         Total | 100.0 | 100.0 |   N/A |   N/A | 100.0 |  34.5
       Dungeon | 100.0 | 100.0 |   N/A |   N/A | 100.0 |  34.5
               +-------+-------+-------+-------+-------+----------------------

Table legend: (Time is in decaauts)
 A = Elapsed time spent in this place.
 B = Non-inter-level travel time spent in this place.
 C = Inter-level travel time spent in this place.
 D = Time resting spent in this place.
 E = Time spent auto-exploring this place.
 F = Levels seen in this place.
 G = Mean time per level.
                   A        B        C        D        E       F      G
               +--------+--------+--------+--------+--------+-----+--------+
         Total |   1056 |   1037 |     19 |      0 |    818 |   2 |  528.0 |
       Dungeon |   1056 |   1037 |     19 |      0 |    818 |   2 |  528.0 |
               +--------+--------+--------+--------+--------+-----+--------+

Top non-repeatable levels by time:
     D:2: 582 daAuts
     D:1: 473 daAuts
